 Dungeon Crawl Stone Soup version bcrawl-1.39.1 (webtiles) character file.

Game seed: 11837002011815073336

592031 PlayerOfArmor the Impaler (level 13, -1/177 HPs)
             Began as a Minotaur Fighter on Aug 25, 2023.
             Was a High Priest of Qazlal.
             Slain by a death yak (17 damage)
             ... on level 6 of the Lair of Beasts.
             The game lasted 00:28:12 (12789 turns).

PlayerOfArmor the Impaler (Minotaur Fighter)       Turns: 12789, Time: 00:28:13

Health: -1/177     AC: 29    Str: 27    XL:     13   Next: 80%
Magic:  20/20      EV:  1    Int:  8    God:    Qazlal [*****.]
Gold:   975        SH:  6    Dex: 12    Spells: 12/12 levels left

rFire    . . .     GDR:     46% D - +9 trident (pierce)
rCold    + . .     SeeInvis .   (no shield)
rNeg     + + +     Gourm    .   (armour currently unavailable)
rPois    +         Faith    +   (helmet currently unavailable)
rElec    .         Spirit   .   (cloak currently unavailable)
rCorr    .         Reflect  .   (gloves currently unavailable)
MR       .....     NoTele   +   (boots currently unavailable)
Stlth    +.........             J - amulet "Donucott" {Faith *Corrode +Inv Int+3 Dex+3}
HPRegen  0.39/turn              B - +4 ring of protection
MPRegen  0.17/turn              G - ring of protection from cold

@: tree-form, protected from physical damage, corroded, repel missiles
A: giant, (retaliatory headbutt)
a: Upheaval, Elemental Force, Become The Storm, Renounce Religion, Evoke
Invisibility


You were on level 6 of the Lair of Beasts.
You worshipped Qazlal.
Qazlal was extremely pleased with you.
You were not hungry.
You were a tree.
You visited 3 branches of the dungeon, and saw 14 of its levels.
You also visited: Gauntlet.

You collected 975 gold pieces.

Inventory:

Hand Weapons
 a - a +0 halberd
 D - a +9 trident of piercing (weapon)
Missiles
 w - a throwing net {=f}
Armour
 l - a +0 pair of gloves (melded)
 m - a +0 plate armour (melded)
 s - a +2 hat (melded)
 y - a +2 cloak (melded)
 L - a +1 hat
Jewellery
 e - an uncursed ring of protection from cold
 k - an uncursed amulet of guardian spirit
 B - a +4 ring of protection (left branch)
 G - a ring of protection from cold (right branch)
 J - the amulet "Donucott" (around neck) {Faith *Corrode +Inv Int+3 Dex+3}
   (You found it in a Gauntlet)

   [amulet of faith]

   It allows you to gain divine favour quickly.
   It affects your intelligence (+3).
   It affects your dexterity (+3).
   It lets you turn invisible.
   It may corrode you when you take damage.
Wands
 t - a wand of flame (23)
 x - a wand of polymorph (24)
 F - a wand of iceblast (19)
 I - a wand of disintegration (21)
 K - a wand of digging (10)
Scrolls
 b - a scroll of remove curse
 h - 10 scrolls of teleportation
 i - 2 scrolls of identify
 n - 5 scrolls of amnesia
 o - 4 scrolls of fog {unknown}
 v - a scroll of immolation {unknown}
 E - a scroll of noise {unknown}
 H - a scroll of enchant weapon
Potions
 d - 2 potions of might
 f - 2 potions of ambrosia
 g - 3 potions of cancellation
 q - 3 potions of lignification
 r - 2 potions of resistance {unknown}
 u - 4 potions of haste
 A - 3 potions of brilliance
 C - a potion of flight {unknown}
Comestibles
 c - 4 chunks of flesh
 p - 17 rations {!d}


   Skills:
 + Level 12.0 Fighting
 * Level 18.4 Polearms
 + Level 11.9 Armour
   Level 3.6 Shields
 - Level 11.2 Invocations


You had 12 spell levels left.
You didn't know any spells.
Your spell library contained the following spells:

 Spells                   Type           Power        Failure   Level  Hunger
 Infusion                 Chrm           #.......     41%         1    None
 Static Discharge         Air            #.....       41%         1    None
 Swiftness                Chrm/Air       #.......     54%         2    ####...
 Recall                   Summ/Tloc      N/A          78%         3    #####..
 Lightning Bolt           Conj/Air       #.......     99%         4    ######.
 Metabolic Englaciation   Hex/Ice        #.........   100%        5    #######
 Silence                  Hex/Air        #.........   100%        5    #######
 Summon Demon             Summ           #.........   100%        5    #######
 Summon Forest            Summ/Tloc      #.........   100%        5    #######
 Summon Lightning Spire   Summ/Air       #.......     100%        5    #######
 Summon Mana Viper        Hex/Summ       #.......     100%        5    #######
 Aura of Abjuration       Summ           #.........   100%        6    #######
 Conjure Ball Lightning   Conj/Air       #.........   100%        6    #######
 Infestation              Hex/Tmut/Pois  #........    100%        6    #######
 Discord                  Hex            #.........   100%        7    #######
 Mana Rupture             Conj/Hex       #.........   100%        7    #######
 Shadow Creatures         Summ           N/A          100%        7    #######
 Chain Lightning          Conj/Air       #.........   100%        8    #######
 Tornado                  Tloc/Air       #.........   100%        8    #######


Dungeon Overview and Level Annotations

Branches:
Dungeon (7/12)             Temple (1/1) D:5            Lair (6/6) D:7
  Swamp (0/3) Lair:4       Shoals (0/3) Lair:2
    Elf: Lair:5-6    Forest: Lair:5-6

Altars:
Ashenzari
Elyvilon
Gozag
Lugonu
Makhleb
Okawaru
Qazlal
Ru
Sif Muna
Trog
Vehumet
Wu Jian
Yredelemnul
The Shining One

Shops:
D:6 [


Innate Abilities, Weirdness & Mutations

((You reflexively headbutt those who attack you in melee.))
((You have a pair of horns on your head.))


Message History

The death yak gores you.
* * * LOW HITPOINT WARNING * * *
You feel more protected from physical attacks.
You puncture the death yak!
You kill the death yak!
Qazlal accepts your kill.
Your Fighting skill increases to level 12!
You hit the death yak.
Snnnck.
The death yak is lightly wounded.
The death yak gores you.
* * * LOW HITPOINT WARNING * * *
You feel more protected from physical attacks.
You feel better.
The death yak is engulfed in freezing vapours.
You block the death yak's attack.
You puncture the death yak!
The death yak is heavily wounded.
The death yak is engulfed in freezing vapours.
The death yak gores you!
You die...

.... ....... #.
.8..8.<.8.+ #.
..........# #.
.........# #.##
#.#..8..#
#..####......# .
#..#.........#..
#§.+.YY8...##...
#.♣#...%..#.....
##†Y§....#......
###...#÷.......
#####........
#.........
##........
##P......
###.... ##..


You could see a death yak.

Vanquished Creatures
  A dire elephant (Gauntlet)
  A minotaur (Gauntlet)
  10 hydras
  3 death yaks
  A tengu warrior (Gauntlet)
  Pikel (D:6)
  A manticore (Lair:4)
  A moth of wrath (Gauntlet)
  A torpor snail (Lair:5)
  11 elephants
  A merfolk siren (Lair:2)
  2 black mambas
  9 cane toads
  5 komodo dragons
  3 rime drakes
  2 tengu conjurers (Gauntlet)
  A troll (D:7)
  3 merfolk (Lair:2)
  A tyrant leech (Lair:4)
  7 blink frogs
  10 hippogriffs
  4 wyverns (Lair:5)
  Sigmund (D:2)
  56 yaks
  2 basilisks
  Menkaure (D:4)
  A swamp worm (Lair:4)
  4 water moccasins
  8 crocodiles
  6 porcupines
  2 sky beasts
  8 ogres
  A phantom (D:6)
  12 wolves
  4 bullfrogs
  2 kobold brigands
  A scorpion (D:5)
  5 killer bees (D:7)
  2 electric eels (Lair:1)
  2 howler monkeys
  4 crimson imps
  9 hounds
  A jelly (D:7)
  Crazy Yiuf (D:4)
  3 orc wizards
  A bullfrog skeleton (D:5)
  An iguana (D:7)
  2 worker ants
  Natasha (thrice) (D:4)
  2 hound zombies (D:5)
  2 worker ant zombies
  Robin (D:2)
  7 gnolls
  12 adders
  2 shadow imps
  An adder zombie (D:5)
  4 adder skeletons
  6 worms
  3 dart slugs
  5 leopard geckos
  27 orcs
  5 bats
  3 giant cockroaches
  9 hobgoblins
  18 jackals
  2 quokkas
  A ball python (D:2)
  3 frilled lizards
  15 goblins
  A jackal skeleton (D:4)
  14 kobolds
  A quokka skeleton (D:6)
  7 rats
  A plant (D:3)
374 creatures vanquished.

Vanquished Creatures (others)
  A slave (D:6)
  9 fungi
  30 plants
40 creatures vanquished.

Grand Total: 414 creatures vanquished

Notes
Turn   | Place    | Note
-------+----------+-------------------------------------------
     0 | D:1      | PlayerOfArmor the Minotaur Fighter began the quest for the
                  | Orb.
     0 | D:1      | Reached XP level 1. HP: 19/19 MP: 0/0
   296 | D:1      | Reached skill level 3 in Polearms
   379 | D:1      | Reached XP level 2. HP: 26/26 MP: 1/1
   751 | D:2      | Noticed Robin
   762 | D:1      | Reached skill level 4 in Polearms
   784 | D:2      | Reached XP level 3. HP: 20/31 MP: 2/2
   845 | D:2      | Killed Robin
   990 | D:2      | Reached skill level 5 in Polearms
  1135 | D:2      | Reached XP level 4. HP: 39/39 MP: 3/3
  1297 | D:2      | Noticed Sigmund
  1442 | D:2      | Killed Sigmund
  1443 | D:2      | Reached skill level 7 in Polearms
  1443 | D:2      | Reached XP level 5. HP: 34/45 MP: 4/4
  1907 | D:3      | Reached XP level 6. HP: 51/51 MP: 5/5
  2665 | D:3      | Noticed a sky beast
  2677 | D:3      | Killed a sky beast
  2678 | D:3      | Reached skill level 8 in Polearms
  3124 | D:3      | Reached skill level 9 in Polearms
  3427 | D:4      | Noticed Menkaure
  3580 | D:3      | Reached XP level 7. HP: 41/57 MP: 6/6
  3692 | D:4      | Noticed Natasha
  3762 | D:4      | Reached skill level 10 in Polearms
  3805 | D:4      | Killed Natasha
  3838 | D:4      | Killed Menkaure
  3849 | D:4      | Reached skill level 11 in Polearms
  4055 | D:4      | Reached XP level 8. HP: 60/64 MP: 7/7
  4056 | D:4      | Noticed Natasha
  4062 | D:4      | Killed Natasha
  4114 | D:4      | Found a stormy altar of Qazlal.
  4117 | D:4      | Noticed an air elemental
  4122 | D:4      | Became a worshipper of Qazlal Stormbringer
  4185 | D:4      | Noticed Natasha
  4194 | D:4      | Killed Natasha
  4270 | D:4      | Found a runed door.
  4274 | D:4      | Noticed Crazy Yiuf
  4279 | D:4      | Killed Crazy Yiuf
  4381 | D:4      | Found a shimmering blue altar of Sif Muna.
  4531 | D:5      | Entered Level 5 of the Dungeon
  4539 | D:5      | Found a staircase to the Ecumenical Temple.
  4570 | D:5      | Reached skill level 12 in Polearms
  4599 | Temple   | Entered the Ecumenical Temple
  4979 | D:5      | Reached skill level 13 in Polearms
  5298 | D:6      | Reached * piety under Qazlal
  5338 | D:6      | Reached skill level 5 in Fighting
  5338 | D:6      | Reached skill level 5 in Armour
  5338 | D:6      | Reached XP level 9. HP: 74/74 MP: 8/8
  5361 | D:6      | Noticed Pikel
  5381 | D:6      | Killed Pikel
  5753 | D:6      | Found Vuebbiyrr's Antique Armour Emporium.
  6431 | D:7      | Noticed a troll
  6440 | D:7      | Killed a troll
  6478 | D:7      | Reached ** piety under Qazlal
  6503 | D:7      | Reached XP level 10. HP: 55/90 MP: 5/9
  6860 | D:7      | Found a staircase to the Lair.
  6871 | Lair:1   | Entered Level 1 of the Lair of Beasts
  6932 | Lair:1   | Reached skill level 10 in Fighting
  6932 | Lair:1   | Reached skill level 10 in Armour
  7128 | Lair:1   | Noticed a black mamba
  7137 | Lair:1   | Killed a black mamba
  7190 | Lair:1   | Noticed a cane toad
  7200 | Lair:1   | Killed a cane toad
  7474 | Lair:1   | Noticed a cane toad
  7475 | Lair:1   | Noticed an eight-headed hydra
  7483 | Lair:1   | Killed a cane toad
  7490 | Lair:1   | Killed an eight-headed hydra
  7491 | Lair:1   | Reached XP level 11. HP: 71/102 MP: 7/10
  7582 | Lair:1   | Reached skill level 14 in Polearms
  8469 | Lair:2   | Reached skill level 15 in Polearms
  8495 | Lair:2   | Reached *** piety under Qazlal
  8905 | Lair:2   | Reached skill level 16 in Polearms
  9023 | Lair:2   | Found a staircase to the Shoals.
  9275 | Lair:3   | Noticed a seven-headed hydra
  9290 | Lair:3   | Killed a seven-headed hydra
  9357 | Lair:3   | Noticed a five-headed hydra
  9366 | Lair:3   | Killed a five-headed hydra
  9367 | Lair:3   | Reached skill level 17 in Polearms
  9370 | Lair:3   | Reached XP level 12. HP: 90/110 MP: 8/11
  9535 | Lair:3   | Reached skill level 1 in Invocations
  9760 | Lair:3   | Noticed an eight-headed hydra
  9766 | Lair:3   | Killed an eight-headed hydra
 10149 | Lair:4   | Reached skill level 5 in Invocations
 10149 | Lair:4   | Noticed a four-headed hydra
 10169 | Lair:4   | Killed a four-headed hydra
 10188 | Lair:4   | Reached **** piety under Qazlal
 10229 | Lair:4   | Noticed a five-headed hydra
 10244 | Lair:4   | Killed a five-headed hydra
 10604 | Lair:4   | Noticed a four-headed hydra
 10611 | Lair:4   | Killed a four-headed hydra
 10805 | Lair:4   | Found a staircase to the Swamp.
 11110 | Lair:5   | Noticed a death yak
 11118 | Lair:5   | Killed a death yak
 11123 | Lair:5   | Reached skill level 10 in Invocations
 11124 | Lair:5   | Reached XP level 13. HP: 96/116 MP: 15/19
 11252 | Lair:5   | Found a gate leading to a gauntlet.
 11288 | Lair:5   | Reached ***** piety under Qazlal
 11360 | Gauntlet | Entered a Gauntlet
 11360 | Gauntlet | Found a transporter.
 11360 | Gauntlet | Found a transporter.
 11393 | Gauntlet | Noticed a balrug
 11414 | Gauntlet | Found a transporter.
 11414 | Gauntlet | Found a transporter.
 11432 | Gauntlet | Found a transporter.
 11451 | Gauntlet | Noticed a dire elephant
 11452 | Gauntlet | Found a transporter.
 11468 | Gauntlet | Noticed an entropy weaver
 11469 | Gauntlet | Found a transporter.
 11486 | Gauntlet | Found a transporter.
 11492 | Gauntlet | Found a transporter.
 11533 | Gauntlet | Found a transporter.
 11746 | Gauntlet | Killed a dire elephant
 11838 | Gauntlet | Got a translucent garnet amulet
 11844 | Gauntlet | Identified the amulet "Donucott" {Faith *Corrode +Inv Int+3
                  | Dex+3} (You found it in a Gauntlet)
 11915 | Gauntlet | Noticed a minotaur
 11922 | Gauntlet | Killed a minotaur
 11928 | Gauntlet | Identified the Almanac of Gliding Self-Improvement
 12006 | Lair:5   | Reached skill level 18 in Polearms
 12656 | Lair:6   | Entered Level 6 of the Lair of Beasts
 12770 | Lair:6   | HP: 3/117 [death yak (19)]
 12787 | Lair:6   | HP: 7/177 [death yak (6)]
 12789 | Lair:6   | Slain by a death yak

Skill      XL: |  1  2  3  4  5  6  7  8  9 10 11 12 13 |
---------------+----------------------------------------+-----
Polearms       | 3 4 5 7 9 11 13 17 18 | 18.4
Fighting       | 5 8 11 12 | 12.0
Armour         | 5 8 10 11 | 11.9
Invocations    | 10 11 | 11.2
Shields        | |  3.6

Action                   |  1- 3 |  4- 6 |  7- 9 | 10-12 | 13-15 || total
-------------------------+-------+-------+-------+-------+-------++-------
Melee: Trident           |    84 |   193 |   347 |   432 |   219 ||  1275
       Headbutt          |    16 |    34 |    54 |    90 |    51 ||   245
       Unarmed           |       |       |     2 |       |       ||     2
Invok: Upheaval          |       |       |       |     3 |       ||     3
  Use: Scroll            |       |     1 |       |    15 |     1 ||    17
       Potion            |       |     4 |       |       |     6 ||    10
  Eat: Chunk             |     3 |    12 |    18 |    21 |    10 ||    64
Armor: Scale mail        |    52 |     3 |       |       |       ||    55
       Plate armour      |       |    81 |   157 |   193 |   105 ||   536
       Skin              |       |       |     4 |       |     3 ||     7
Dodge: Dodged            |    27 |    10 |    12 |    75 |    42 ||   166
       Deflected         |       |       |       |       |     1 ||     1
Block: Medium shield     |    50 |    77 |   143 |    38 |       ||   308
       Other             |       |       |       |    53 |    33 ||    86
